 Dungeon Crawl Stone Soup version 0.24-a0-250-g6074511 (webtiles) character file.

Game seed: 16523924302080605778

4479 Hasart the Slicer (level 10, -1/61 HPs)
             Began as a Kobold Gladiator on Apr 15, 2019.
             Was a Follower of Uskayaw.
             Slain by Joseph
             ... wielding a cursed -3 quarterstaff
              (10 damage)
             ... on level 9 of the Dungeon.
             The game lasted 00:24:46 (9383 turns).

Hasart the Slicer (Kobold Gladiator)                Turns: 9383, Time: 00:24:47

Health: -1/61      AC:  9    Str: 13    XL:     10   Next: 64%
Magic:  3/14       EV: 20    Int: 10    God:    Uskayaw [*.....]
Gold:   526        SH:  0    Dex: 18    Spells: 9/9 levels left

rFire    + . .     SeeInvis .   v - +3 dagger (venom)
rCold    . . .     Gourm    .   (shield restricted)
rNeg     . . .     Faith    .   M - +3 leather armour {rF+}
rPois    .         Spirit   .   u - +0 helmet
rElec    .         Reflect  .   (no cloak)
rCorr    .         Harm     .   B - +0 pair of gloves
MR       .....     Rnd*Tele +   H - +2 pair of boots
Stlth    ++++......             D - amulet of regeneration
HPRegen  0.60/turn              L - ring of teleportation (curse)
MPRegen  0.14/turn              G - -3 ring of protection (curse)

@: no status effects
A: small, carnivore
a: Stomp, Renounce Religion


You were on level 9 of the Dungeon.
You worshipped Uskayaw.
Uskayaw was noncommittal.
You were very full.

You visited 2 branches of the dungeon, and saw 10 of its levels.
You also visited: Sewer.

You collected 526 gold pieces.

Inventory:

Hand Weapons
 a - a +0 rapier
 v - a +3 dagger of venom (weapon)
 J - a +5 short sword
Missiles
 d - 3 throwing nets (quivered)
Armour
 u - a +0 helmet (worn)
 B - a +0 pair of gloves (worn)
 H - a +2 pair of boots (worn)
 M - a +3 leather armour of fire resistance (worn)
Jewellery
 i - an uncursed amulet of guardian spirit
 D - an amulet of regeneration (around neck)
 F - an uncursed ring of magical power
 G - a cursed -3 ring of protection (right hand)
 K - an uncursed ring of protection from fire
 L - a cursed ring of teleportation (left hand)
Wands
 t - a wand of digging (5)
 w - a wand of enslavement (3)
Scrolls
 c - 3 scrolls of enchant weapon
 g - 7 scrolls of identify
 k - 7 scrolls of teleportation
 n - 4 scrolls of fog
 p - 2 scrolls of blinking
 r - a scroll of fear
 s - 2 scrolls of magic mapping
 x - a scroll of amnesia
 y - 3 scrolls of enchant armour
Potions
 e - a potion of heal wounds
 h - a potion of agility
 j - a potion of ambrosia {unknown}
 l - 3 potions of curing {unknown}
 m - 2 potions of magic {unknown}
 o - 2 potions of flight {unknown}
 q - a potion of cancellation {unknown}
 z - a potion of haste {unknown}
 A - a potion of brilliance {unknown}
 C - 2 potions of invisibility {unknown}
 E - 2 potions of might
 I - 2 potions of mutation {unknown}
Comestibles
 b - 4 chunks of flesh
 f - 22 rations


   Skills:
 + Level 6.5 Fighting
 * Level 10.9 Short Blades
 - Level 2.1 Throwing
 + Level 4.3 Armour
 + Level 7.5 Dodging
 + Level 7.8 Stealth
 + Level 2.9 Invocations
 + Level 6.0 Evocations


You had 9 spell levels left.
You didn't know any spells.
Your spell library contained the following spells:

 Spells                   Type           Power        Failure   Level  Hunger
 Animate Skeleton         Necr           N/A          43%         1    ##.....
 Beastly Appendage        Tmut           #.....       43%         1    ##.....
 Corona                   Hex            #......      43%         1    ##.....
 Pain                     Necr           #...         43%         1    ##.....
 Ensorcelled Hibernation  Hex/Ice        #.....       56%         2    ###....
 Sticks to Snakes         Tmut           #.......     56%         2    ###....
 Confuse                  Hex            #.......     80%         3    ####...
 Dazzling Spray           Conj/Hex       #.....       80%         3    ####...
 Regeneration             Chrm/Necr      #.........   80%         3    ####...
 Spider Form              Tmut/Pois      #.........   80%         3    ####...
 Tukima's Dance           Hex            #.......     80%         3    ####...
 Vampiric Draining        Necr           #.........   80%         3    ####...
 Animate Dead             Necr           N/A          99%         4    #####..
 Ice Form                 Ice/Tmut       #.......     99%         4    #####..
 Blade Hands              Tmut           #.........   100%        5    ######.


Dungeon Overview and Level Annotations

Branches:
Dungeon (9/15)             Temple (1/1) D:7
   Lair: D:8-11         Orc: D:9-12

Altars:
Ashenzari
Cheibriados
Dithmenos
Gozag
Hepliaklqana
Kikubaaqudgha
Nemelex Xobeh
Okawaru
Sif Muna
Uskayaw
Vehumet
Yredelemnul
Zin
The Shining One

Annotations:
D:4 1 runed translucent door, Borgoz's ghost, novice KoGl
D:9 Joseph


Innate Abilities, Weirdness & Mutations

You are small and have problems with some larger weapons.
You are carnivorous and can eat meat at any time.


Message History

Unknown command.
Unknown command.
The orc closely misses you.
Aiming: Line Pass
Press: ? - help, Dir - move target cursor Joseph appears confused.
You can no longer pass through a line of other dancers.
The orc seems less confused.
Joseph looks very confused.
Joseph closely misses the orc.
The orc misses you.
Unknown command.
You hit Joseph.
Joseph is poisoned.
Joseph is moderately wounded.
The orc warrior barely misses you.
You strike the helpless Joseph from behind!
You impale Joseph!!
Joseph looks as sick as possible!
Joseph is almost dead.
Joseph grins madly.
Joseph hits you with a cursed -3 quarterstaff!
You die...

#.......
#......
#.....
#....#####
#....#...#
#....'..
#....#
#.@@o#
#.ooo#
#.)).#
#..).#
#.)).#####
#.........
#.........
#.........
###.......


You could see Joseph (confused), an orc warrior and 3 orcs.

Vanquished Creatures
  Pikel (D:6)
  A human (D:7)
  4 hogs (D:7)
  2 ice beasts
  A sky beast (D:6)
  2 orc warriors
  A necrophage (D:6)
  3 ogres
  A phantom (D:6)
  4 centaurs
  A crocodile (D:9)
  5 bullfrogs
  A big kobold (Sewer)
  5 scorpions
  8 killer bees
  A howler monkey (D:5)
  2 crimson imps
  A centaur zombie (D:5)
  2 bullfrog zombies
  A centaur skeleton (D:7)
  5 hounds
  3 jellies
  2 orc priests
  7 orc wizards
  Jessica (D:2)
  A bullfrog skeleton (D:5)
  3 iguanas
  6 worker ants
  A hound skeleton (D:7)
  A worker ant zombie (D:5)
  7 gnolls
  A howler monkey skeleton (D:8)
  16 adders
  2 river rats
  2 oozes
  3 adder skeletons
  5 worms
  A leopard gecko (D:5)
  30 orcs
  3 ball pythons
  9 bats
  8 giant cockroaches
  9 goblins
  8 hobgoblins
  4 jackals (D:6)
  14 kobolds
  2 quokkas
  6 frilled lizards
  A jackal skeleton (D:5)
  A jackal zombie (D:7)
  A quokka skeleton (D:8)
  5 rats
215 creatures vanquished.

Vanquished Creatures (collateral kills)
  A centaur (D:6)
  A worker ant (D:6)
2 creatures vanquished.

Vanquished Creatures (others)
  A slave (D:6)
1 creature vanquished.

Grand Total: 218 creatures vanquished

Notes
Turn   | Place    | Note
-------+----------+-------------------------------------------
     0 | D:1      | Hasart the Kobold Gladiator began the quest for the Orb.
     0 | D:1      | Reached XP level 1. HP: 12/12 MP: 1/1
   100 | D:1      | Reached XP level 2. HP: 17/17 MP: 2/2
   411 | D:1      | Reached skill level 1 in Stealth
   918 | D:2      | Reached XP level 3. HP: 17/22 MP: 3/3
  1026 | D:2      | Found a glowing golden altar of the Shining One.
  1178 | D:2      | Reached XP level 4. HP: 23/27 MP: 4/4
  1310 | D:2      | Reached skill level 5 in Short Blades
  1525 | D:2      | Reached skill level 1 in Armour
  1776 | D:3      | Noticed Jessica
  1785 | D:2      | Killed Jessica
  1785 | D:2      | Reached XP level 5. HP: 28/32 MP: 5/5
  2399 | D:3      | Found a deep blue altar of Sif Muna.
  2400 | D:3      | Found an ancient bone altar of Kikubaaqudgha.
  2401 | D:3      | Found a radiant altar of Vehumet.
  2412 | D:3      | Identified Kikubaaqudgha's Incunabulum of Sinister Secrets
  2986 | D:4      | Reached XP level 6. HP: 37/37 MP: 6/6
  3271 | D:4      | Noticed an ogre
  3287 | D:4      | Killed an ogre
  3287 | D:4      | Reached skill level 6 in Short Blades
  3287 | D:4      | Reached skill level 1 in Evocations
  3526 | D:4      | Found an iron altar of Okawaru.
  3587 | D:4      | Found a runed translucent door.
  3587 | D:4      | Noticed Borgoz's ghost (novice KoGl)
  3666 | D:4      | Found a sparkling altar of Nemelex Xobeh.
  3825 | D:4      | Reached XP level 7. HP: 42/42 MP: 6/8
  3859 | D:5      | Entered Level 5 of the Dungeon
  3954 | D:5      | Found a glowing drain.
  4007 | Sewer    | Entered a sewer
  4515 | Sewer    | Reached skill level 5 in Dodging
  4687 | D:5      | Found a snail-covered altar of Cheibriados.
  4736 | D:5      | Reached skill level 7 in Short Blades
  4736 | D:5      | Reached XP level 8. HP: 48/48 MP: 9/9
  5321 | D:6      | Noticed Pikel
  5339 | D:6      | Reached skill level 5 in Stealth
  5373 | D:6      | Killed Pikel
  5373 | D:6      | Reached skill level 8 in Short Blades
  5684 | D:6      | Reached skill level 5 in Fighting
  5803 | D:6      | Reached XP level 9. HP: 51/54 MP: 11/11
  6451 | D:7      | Reached skill level 9 in Short Blades
  6939 | D:7      | Found a staircase to the Ecumenical Temple.
  6953 | Temple   | Entered the Ecumenical Temple
  7039 | Temple   | Became a worshipper of Uskayaw the Reveler
  7173 | D:7      | Reached * piety under Uskayaw
  7370 | D:7      | Reached ** piety under Uskayaw
  7539 | D:7      | Reached skill level 1 in Invocations
  7544 | D:7      | Reached *** piety under Uskayaw
  7561 | D:7      | Reached **** piety under Uskayaw
  7562 | D:7      | Reached skill level 10 in Short Blades
  7562 | D:7      | Reached skill level 5 in Evocations
  7562 | D:7      | Reached XP level 10. HP: 44/60 MP: 3/13
  7574 | D:7      | Reached ***** piety under Uskayaw
  8283 | D:8      | Found a shadowy altar of Dithmenos.
  9332 | D:9      | Noticed Joseph
  9383 | D:9      | Slain by Joseph

Levels and vault maps discovered:
D:1:      erik_arrival_triangle_medium, layout_loops_ring, minivault_26
D:2:      layout_loops_ring, nicolae_overflow_crystal_walls
D:3:      layout_basic, grunt_temple_overflow_magic_moments, uniq_jessica
D:4:      layout_layer_cave, okawaru_metal_pillars_1_2, gammafunk_ghost_grave,
          first_ration, nemelex_diamond_rough_becter
D:5:      layout_rooms, cheibrodos_sewer_entry_sluice, cheibriados_altar_1
D:6:      layout_cave_pods, uniq_pikel
D:7:      layout_basic, minmay_temple_entry_statues_fountains, grunt_livestock,
          ebering_dispersal_statue_hall, minmay_misc_feat_hallway,
          eino_small_chamber_without_monster
D:8:      layout_gridville, minmay_misc_feat_secret_circle,
          grunt_dithmenos_smoke
D:9:      layout_irregular_city, nicolae_overflow_hidden_temple,
          dpeg_lair_monsters, uniq_joseph
Temple:   dpeg_chambers_temple
Sewer:    sewer_co_15_rooms

Skill      XL: |  1  2  3  4  5  6  7  8  9 10 |
---------------+-------------------------------+-----
Stealth        | 1 2 3 4 5 6 7 |  7.8
Dodging        | 4 5 6 7 |  7.5
Short Blades   | 5 6 7 8 10 | 10.9
Armour         | 1 2 3 4 |  4.3
Fighting       | 3 4 5 6 |  6.5
Evocations     | 1 2 3 5 6 |  6.0
Invocations    | 1 2 |  2.9
Throwing       | |  2.1

Action                   |  1- 3 |  4- 6 |  7- 9 | 10-12 || total
-------------------------+-------+-------+-------+-------++-------
Melee: Rapier            |    86 |   109 |       |       ||   195
       Dagger            |       |    43 |   511 |   272 ||   826
Invok: Line Pass         |       |       |       |     2 ||     2
       Stomp             |       |       |       |     1 ||     1
Evoke: Wand              |       |       |     2 |       ||     2
  Use: Potion            |       |       |     1 |     1 ||     2
       Scroll            |       |       |       |    11 ||    11
 Stab: Sleeping          |     5 |     6 |     9 |     8 ||    28
       Paralysed         |       |       |     1 |     2 ||     3
       Distracted        |       |       |     1 |       ||     1
       Confused          |       |       |       |     1 ||     1
  Eat: Chunk             |     9 |     7 |    14 |     6 ||    36
Armor: Leather armour    |    13 |    25 |    30 |    40 ||   108
Dodge: Dodged            |    63 |   116 |   272 |   187 ||   638

Table legend:
 A = Non-vault XP
 B = Vault XP
 C = Vault XP percentage of total XP
 D = Non-vault monster count
 E = Vault monster count
 F = Vault count percentage of total count
                 A         B        C        D         E       F
            +---------+---------+-------+---------+---------+-------
      Total |    5059 |    1340 |  20.9 |     187 |      29 |  13.4
            +---------+---------+-------+---------+---------+-------
        D:1 |      25 |       0 |   0.0 |      16 |       0 |   0.0
        D:2 |      97 |      37 |  27.6 |      32 |       1 |   3.0
        D:3 |      58 |       0 |   0.0 |      13 |       0 |   0.0
        D:4 |     310 |       0 |   0.0 |      13 |       0 |   0.0
        D:5 |     464 |      18 |   3.7 |      17 |       2 |  10.5
        D:6 |    1112 |     125 |  10.1 |      23 |       1 |   4.2
        D:7 |    1116 |     970 |  46.5 |      27 |       5 |  15.6
        D:8 |    1508 |       0 |   0.0 |      36 |       0 |   0.0
        D:9 |     369 |       0 |   0.0 |      10 |       0 |   0.0
      Sewer |       0 |     190 | 100.0 |       0 |      20 | 100.0
            +---------+---------+-------+---------+---------+-------
